 Dungeon Crawl Stone Soup version 0.27.0-1-g7a089689b8 (webtiles) character file.

Game seed: 12587877081827082673

221 Demosthentine the Poker (level 5, -1/42 HPs)
             Began as a Merfolk Gladiator on Aug 2, 2021.
             Slain by an adder (2 damage)
             ... in a sewer.
             The game lasted 00:02:07 (2697 turns).

Demosthentine the Poker (Merfolk Gladiator)         Turns: 2697, Time: 00:02:08

Health: -1/42      AC:  4    Str: 15    XL:     5   Next: 98%
Magic:  5/5        EV: 17    Int:  7    God:
Gold:   1700       SH:  0    Dex: 16    Spells: 4/4 levels left

rFire    . . .     SeeInvis .   e - +0 demon trident (venom)
rCold    . . .     Faith    .   (no shield)
rNeg     . . .     Spirit   .   b - +0 leather armour
rPois    .         Reflect  .   c - +0 helmet
rElec    .         Harm     .   (no cloak)
rCorr    .         Rampage  .   (no gloves)
Will     .....                  (boots currently unavailable)
Stlth    ++........             (no amulet)
HPRegen  0.14/turn              (no ring)
MPRegen  0.09/turn              (no ring)

@: attractive, very quick
A: nimble swimmer 2, mertail
a: no special abilities


You were in a sewer.
You visited 1 branch of the dungeon, and saw 4 of its levels.
You also visited: Sewer.

You collected 1700 gold pieces.

Inventory:

Hand Weapons
 a - a +1 trident
 e - a +0 demon trident of venom (weapon)
Missiles
 d - 3 throwing nets (quivered)
Armour
 b - a +0 leather armour (worn)
 c - a +0 helmet (worn)
Jewellery
 i - a ring of protection from cold
Scrolls
 f - 3 scrolls of teleportation
 h - 2 scrolls of vulnerability


   Skills:
 + Level 3.8 Fighting
 + Level 5.9 Polearms
 - Level 2.0 Throwing
 + Level 1.8 Armour
 + Level 5.5 Dodging


You had 4 spell levels left.
You didn't know any spells.
Your spell library contained the following spells:

 Spells                   Type           Power      Damage    Failure   Level
 Dispel Undead            Necr           0%         3d6       99%         4
 Hailstorm                Conj/Ice       0%         3d3       99%         4
 Summon Ice Beast         Ice/Summ       0%         N/A       99%         4
 Necromutation            Tmut/Necr      0%         N/A       100%        8


Dungeon Overview and Level Annotations

Branches:
Dungeon (4/15)              Sewer (1/1)
 Temple: D:4-7

Altars:
Ru

Shops:
D:3 [


Innate Abilities, Weirdness & Mutations

You are quick and stealthy near water. (Stealth+, EV+, Speed+++)
Your lower body shifts to a powerful aquatic tail in water.


Message History

Press: ? - help, Dir - move target, f - kobold
Aim: a kobold, wielding a +0 short sword and quivering stones (about 45% to evade your +0 demon trident of venom)
The endoplasm quivers.
You puncture the kobold!
You kill the kobold!
An adder comes into view.
The endoplasm hits you. The adder completely misses you.
You puncture the adder!
The adder is severely wounded.
The endoplasm freezes you.
You are frozen.
* * * LOW HITPOINT WARNING * * *
The adder bites you.
* * * LOW HITPOINT WARNING * * *
You closely miss the adder.
You tail-slap the adder, but do no damage.
The adder is severely wounded.
The adder closely misses you.
A river rat comes into view.
The endoplasm freezes you.
You are frozen.
* * * LOW HITPOINT WARNING * * *
You barely miss the adder.
The adder is severely wounded.
The adder misses you. The endoplasm freezes you.
You are frozen.
* * * LOW HITPOINT WARNING * * *
The adder misses you.
It was a potion of attraction.
You feel attractive to monsters. The endoplasm closely misses you.
The ball python bites you.
* * * LOW HITPOINT WARNING * * *
The ball python barely misses you. The adder misses you.
The river rat is pulled toward you!
Unknown command.
You barely miss the adder.
Your tail-slap misses the adder.
The adder is severely wounded.
The adder bites you.
You die...

##### ##.≈≈##
#≈.≈.≈###
#.....r≈
#..J.S# #≈)@#
##S## #≈# #≈#
##≈## ##.≈.##
#.∩≈..#
≈.≈≈≈≈.≈∩≈≈≈≈≈≈
S.####..≈..####


You could see an adder, a river rat, an endoplasm and a ball python.

Vanquished Creatures
  Eustachio (D:4)
  A dart slug (D:1)
  5 orcs (D:3)
  6 bats
  5 endoplasms
  5 giant cockroaches
  5 hobgoblins
  6 jackals
  6 quokkas
  10 ball pythons
  4 goblins
  3 kobolds
  7 rats
64 creatures vanquished.

Notes
Turn   | Place    | Note
-------+----------+-------------------------------------------
     0 | D:1      | Demosthentine the Merfolk Gladiator began the quest for the
                  | Orb.
     0 | D:1      | Reached XP level 1. HP: 16/16 MP: 1/1
   108 | D:1      | Reached XP level 2. HP: 23/23 MP: 2/2
   956 | D:1      | Identified 3 scrolls of acquirement
   956 | D:1      | Acquired 727 gold pieces
   959 | D:1      | Acquired 836 gold pieces
   961 | D:1      | Acquired a +0 demon trident of venom
  1050 | D:2      | Reached XP level 3. HP: 28/28 MP: 3/3
  1252 | D:2      | Got Apamip's Collected Works on Sinister Ice
  1597 | D:2      | Found a faded altar of an unknown god.
  1661 | D:2      | Reached skill level 5 in Polearms
  1889 | D:3      | Reached skill level 1 in Armour
  2086 | D:3      | Reached XP level 4. HP: 35/35 MP: 4/4
  2189 | D:3      | Found Eninaqia's Antique Armour Emporium.
  2495 | D:3      | Found a sacrificial altar of Ru.
  2563 | D:4      | Noticed Eustachio
  2586 | D:4      | Killed Eustachio
  2587 | D:4      | Reached skill level 5 in Dodging
  2587 | D:4      | Reached XP level 5. HP: 16/42 MP: 5/5
  2671 | D:4      | Found a glowing drain.
  2685 | Sewer    | Entered a sewer
  2695 | Sewer    | HP: 2/42 [frozen (4)]
  2697 | Sewer    | Slain by an adder

Illustrated notes

Levels and vault maps discovered:
D:1:      dpeg_arrival_prison, layout_basic, minmay_strange_pillars
D:2:      layout_basic, basic_ecumenical_altar
D:3:      layout_basic, nicolae_ru_the_path_less_chosen, serial_shops,
          shop_fountains, kennysheep_pointless_box
D:4:      layout_cave_pods, gammafunk_temple_overflow_wave,
          grunt_dithmenos_smoke, gup_sewer_entry_pipe,
          lightli_ossuary_entry_decrepit_ruins, grunt_decor_junction,
          uniq_duvessa, uniq_sigmund, uniq_eustachio
Sewer:    sewer_co_15_rooms

Skill      XL: |  1  2  3  4 |
---------------+-------------+-----
Polearms       | 5 |  5.9
Fighting       | 3 |  3.8
Armour         | 1 |  1.8
Dodging        | 5 |  5.5
Throwing       | |  2.0

Action                   |  1- 3 |  4- 6 || total
-------------------------+-------+-------++-------
Melee: Trident           |    42 |       ||    42
       Demon trident     |    59 |    51 ||   110
       Tailslap          |       |     2 ||     2
  Use: Scroll            |     7 |     2 ||     9
       Potion            |       |     2 ||     2
 Stab: Sleeping          |     4 |     1 ||     5
Armor: Leather armour    |    14 |     8 ||    22
       Skin              |       |    22 ||    22
Dodge: Dodged            |    52 |    36 ||    88
